 Dungeon Crawl Stone Soup version 0.24.0-37-gcf1ca852f1 (webtiles) character file.

Game seed: 10509590087129787367, levelgen mode: deterministic

9046 grindst0ne the Fighter (level 11, 0/92 HPs)
             Began as a Human Artificer on Dec 1, 2019.
             Was an Elder of Makhleb.
             Succumbed to a spiny frog's poison
             ... on level 1 of the Lair of Beasts.
             The game lasted 00:34:07 (13301 turns).

grindst0ne the Fighter (Human Artificer)           Turns: 13301, Time: 00:34:08

Health: 0/92       AC: 18    Str: 17    XL:     11   Next: 67%
Magic:  17/17      EV: 11    Int: 16    God:    Makhleb [****..]
Gold:   653        SH:  0    Dex: 13    Spells: 10/10 levels left

rFire    + . .     SeeInvis +   u - +0 hand axe (flame)
rCold    . . .     Gourm    .   (no shield)
rNeg     . . .     Faith    .   N - +3 ring mail {rF+}
rPois    .         Spirit   .   b - +0 helmet
rElec    .         Reflect  .   c - +1 cloak
rCorr    .         Harm     .   G - +0 pair of gloves
MR       .....                  (no boots)
Stlth    +.........             (no amulet)
HPRegen  0.25/turn              n - +3 ring of protection
MPRegen  0.15/turn              g - ring of see invisible

@: mighty, lethally poisoned (0 -> -28)
A: blurry vision 2, sense surroundings 1
a: Minor Destruction, Lesser Servant of Makhleb, Major Destruction, Renounce
Religion


You were on level 1 of the Lair of Beasts.
You worshipped Makhleb.
Makhleb was greatly pleased with you.
You were not hungry.

You visited 3 branches of the dungeon, and saw 12 of its levels.

You collected 653 gold pieces.

Inventory:

Hand Weapons
 p - a +2 mace of protection
 u - a +0 hand axe of flaming (weapon)
Missiles
 h - 24 boomerangs (quivered)
 j - a throwing net
 k - 2 atropa-tipped darts
Armour
 b - a +0 helmet (worn)
 c - a +1 cloak (worn)
 B - +0 steam dragon scales
 F - a scarf of cloud immunity
 G - a +0 pair of gloves (worn)
 H - a scarf of resistance
 N - a +3 ring mail of fire resistance (worn)
Jewellery
 g - a ring of see invisible (right hand)
 n - a +3 ring of protection (left hand)
 q - an uncursed ring of protection from fire
 E - an uncursed ring of ice
 O - an uncursed ring of stealth
Wands
 a - a wand of polymorph (5)
 e - a wand of random effects (3)
 l - a wand of flame (9)
Scrolls
 m - 4 scrolls of amnesia
 o - a scroll of brand weapon {unknown}
 s - 2 scrolls of blinking
 v - 3 scrolls of remove curse
 w - a scroll of fog
 z - 3 scrolls of magic mapping
 D - 3 scrolls of enchant weapon
 J - 2 scrolls of immolation
 M - a scroll of fear
 R - a scroll of acquirement
Potions
 i - 2 potions of flight
 t - 3 potions of mutation
 C - a potion of agility
 P - a potion of brilliance
Comestibles
 f - 18 rations


   Skills:
 + Level 10.4 Fighting
   Level 1.0 Short Blades
 * Level 4.2 Axes
 + Level 8.7 Armour
 - Level 2.0 Dodging
 - Level 1.0 Stealth
 + Level 9.1 Invocations
 - Level 6.4 Evocations


You had 10 spell levels left.
You didn't know any spells.
Your spell library contained the following spells:

 Spells                   Type           Power        Failure   Level  Hunger
 Bolt of Magma            Conj/Fire/Erth #.........   100%        5    ######.
 Iskenderun's Battlesphe  Conj/Chrm      #.......     100%        5    ######.
 Venom Bolt               Conj/Pois      #.........   100%        5    ######.
 Iron Shot                Conj/Erth      #.........   100%        6    #######
 Orb of Destruction       Conj           #.........   100%        7    #######
 Spellforged Servitor     Conj/Summ      #.........   100%        7    #######


Dungeon Overview and Level Annotations

Branches:
Dungeon (10/15)            Temple (1/1) D:4            Lair (1/6) D:8
    Orc: D:9-12

Altars:
Cheibriados
Dithmenos
Elyvilon
Fedhas
Gozag
Hepliaklqana
Kikubaaqudgha
Makhleb
Nemelex Xobeh
Okawaru
Qazlal
Ru
Sif Muna
Uskayaw
Vehumet
Wu Jian
Xom
Yredelemnul
Zin
The Shining One

Annotations:
D:8 2 transporters, EmberCloud's ghost, novice DsGl; Harold
D:10 3 runed translucent doors, Erolcha; Grizz's ghost, novice MiFi


Innate Abilities, Weirdness & Mutations

Scrolls take you longer to read.
You passively map a small area around you.


Message History

You slash the bullfrog! You burn the bullfrog.
You kill the bullfrog!
Makhleb accepts your kill.
* * * LOW HITPOINT WARNING * * *
You feel very sick.
You hit the crocodile. You burn the crocodile.
The crocodile is moderately wounded.
* * * LOW HITPOINT WARNING * * *
You feel very sick. The crocodile bites you.
* * * LOW HITPOINT WARNING * * *
The crocodile bites you but does no damage.
You hit the crocodile. You burn the crocodile.
The crocodile is heavily wounded.
* * * LOW HITPOINT WARNING * * *
You feel very sick. The crocodile barely misses you.
You slash the crocodile! You burn the crocodile.
The crocodile is almost dead.
You die...

*, #.#, ,#....# * *#*
,#.#######...# * , ..
##.........# * * #.
##.##..#.##.## #.
#.?..#.#..#..# #.#* * ,
#.#####..####.## ..
,#..#.[.##.#..P# ##.# *
#.##.###.#..# ##..#
,#..#(..t@..(..# #...# ,
...###.###+###.#####...#
#.## *...#,
,,#.^.##....## * * ##..#
* ,#..........### *
##.#, ,#..###........ *
* ..#,* #..# ##....... *
,#t# #..# ##.####.# #.#
***##..###..# **#
......#.##


You could see a crocodile.

Vanquished Creatures
  A hydra (Lair:1)
  Pikel (D:7)
  Maurice (D:10)
  Joseph (D:8)
  A spiny frog (Lair:1)
  Grinder (D:3)
  Sigmund (D:2)
  A wyvern (D:8)
  An orc warrior (D:7)
  2 yaks
  A hungry ghost (D:10)
  2 steam dragons (D:8)
  A water moccasin (D:6)
  6 porcupines
  4 sky beasts
  3 ice beasts (D:10)
  8 ogres
  A black bear (D:10)
  2 centaurs
  A big kobold (D:6)
  11 bullfrogs
  A wyvern skeleton (D:8)
  A water moccasin skeleton (D:6)
  2 scorpions
  4 wights (D:9)
  4 howler monkeys
  2 crimson imps
  2 jellies
  A bullfrog zombie (D:8)
  3 centaur skeletons
  2 centaur zombies
  A hound (D:6)
  9 orc wizards
  8 orc priests
  Crazy Yiuf (D:3)
  A bullfrog skeleton (D:7)
  2 iguanas (D:6)
  6 worker ants
  A hound skeleton (D:5)
  2 worker ant zombies (D:5)
  14 adders
  An ooze (D:1)
  2 adder skeletons (D:9)
  2 worms (D:3)
  A dart slug (D:1)
  4 leopard geckos
  37 orcs
  8 giant cockroaches
  6 hobgoblins
  10 jackals
  5 quokkas
  A ball python (D:2)
  A ball python skeleton (D:4)
  11 bats
  8 frilled lizards
  4 goblins
  A jackal zombie (D:5)
  9 kobolds
  2 leopard gecko skeletons
  6 rats (D:3)
237 creatures vanquished.

Vanquished Creatures (collateral kills)
  2 yaks (D:9)
  A slave (D:7)
  A centaur (D:6)
  A scorpion (D:7)
  An orc priest (D:7)
  An orc wizard (D:7)
  A worker ant (D:6)
  2 orcs (D:7)
10 creatures vanquished.

Vanquished Creatures (others)
  2 yaks (D:9)
  An acid dragon (D:10)
  An orc warrior (D:7)
  2 slaves (D:7)
  An ogre (D:7)
  5 orcs
  31 fungi (D:8)
  8 plants (D:8)
51 creatures vanquished.

Grand Total: 298 creatures vanquished

Notes
Turn   | Place    | Note
-------+----------+-------------------------------------------
     0 | D:1      | grindst0ne the Human Artificer began the quest for the Orb.
     0 | D:1      | Reached XP level 1. HP: 15/15 MP: 3/3
    78 | D:1      | Reached XP level 2. HP: 4/21 MP: 4/4
  1164 | D:2      | Reached skill level 2 in Fighting
  1164 | D:2      | Reached XP level 3. HP: 22/27 MP: 5/5
  1372 | D:2      | Noticed Sigmund
  1567 | D:2      | Killed Sigmund
  1567 | D:2      | Reached skill level 3 in Fighting
  1567 | D:2      | Reached XP level 4. HP: 22/37 MP: 5/7
  1567 | D:2      | Reached XP level 5. HP: 25/42 MP: 5/8
  1567 | D:2      | Reached XP level 6. HP: 29/48 MP: 5/9
  1984 | D:2      | Reached skill level 4 in Fighting
  1984 | D:2      | Reached skill level 5 in Evocations
  2058 | D:2      | Found a white marble altar of Elyvilon.
  2322 | D:3      | Found a runed translucent door.
  2323 | D:3      | Noticed Crazy Yiuf
  2328 | D:3      | Killed Crazy Yiuf
  2415 | D:3      | Noticed Grinder
  2769 | D:3      | Noticed an ogre
  2780 | D:3      | Killed an ogre
  2780 | D:3      | Reached XP level 7. HP: 16/55 MP: 11/11
  3081 | D:3      | Reached skill level 5 in Fighting
  3301 | D:3      | Killed Grinder
  3742 | D:4      | Reached XP level 8. HP: 55/64 MP: 12/12
  3750 | D:4      | Reached skill level 1 in Armour
  3822 | D:4      | Reached skill level 6 in Fighting
  4115 | D:4      | Found a staircase to the Ecumenical Temple.
  4125 | Temple   | Entered the Ecumenical Temple
  4140 | Temple   | Became a worshipper of Makhleb the Destroyer
  4368 | D:5      | Entered Level 5 of the Dungeon
  4660 | D:5      | Reached skill level 1 in Invocations
  5286 | D:5      | Reached * piety under Makhleb
  5976 | D:6      | Reached skill level 7 in Fighting
  6034 | D:6      | Reached XP level 9. HP: 37/72 MP: 13/13
  7495 | D:6      | Reached skill level 5 in Armour
  7537 | D:7      | Noticed Pikel
  7616 | D:8      | Reached ** piety under Makhleb
  7624 | D:8      | Reached skill level 5 in Invocations
  7700 | D:8      | Reached skill level 8 in Fighting
  7833 | D:8      | Noticed Harold
  7916 | D:7      | Gained mutation: Scrolls take you a little longer to read.
                  | [potion of mutation]
  7916 | D:7      | Gained mutation: Scrolls take you longer to read. [potion
                  | of mutation]
  7916 | D:7      | Gained mutation: You passively map a small area around you.
                  | [potion of mutation]
  7937 | D:7      | Killed Pikel
  7937 | D:7      | Reached XP level 10. HP: 49/82 MP: 14/14
  8446 | D:7      | Reached skill level 9 in Fighting
  8486 | D:7      | Found an iron altar of Okawaru.
  8909 | D:8      | Noticed Joseph
  8929 | D:8      | Killed Joseph
 10028 | D:8      | Found a staircase to the Lair.
 10359 | D:8      | Found a transporter.
 10360 | D:8      | Identified the cursed +1 dire flail "Killer Bee's Bane"
                  | {venom, rPois rN+ Int+4}
 10360 | D:8      | Noticed a two-headed ogre
 10363 | D:8      | Found a transporter.
 10363 | D:8      | Noticed EmberCloud's ghost (novice DsGl)
 10472 | D:8      | Reached XP level 11. HP: 88/90 MP: 17/17
 10642 | D:9      | Reached *** piety under Makhleb
 10657 | D:9      | HP: 4/90 [yak (12)]
 10665 | D:9      | Reached skill level 10 in Fighting
 11350 | D:9      | Reached skill level 1 in Axes
 11830 | D:10     | Entered Level 10 of the Dungeon
 11838 | D:10     | Found a runed translucent gate.
 11838 | D:10     | Found a runed translucent gate.
 11838 | D:10     | Found a runed translucent gate.
 11838 | D:10     | Noticed Grizz's ghost (novice MiFi)
 11838 | D:10     | Identified the cursed +3 short sword "Utut" {chaos, MR+}
 11915 | D:10     | Noticed Maurice
 11937 | D:10     | Killed Maurice
 12804 | D:10     | Noticed Erolcha
 12867 | Lair:1   | Entered Level 1 of the Lair of Beasts
 12925 | Lair:1   | Noticed a five-headed hydra
 12936 | Lair:1   | Killed a one-headed hydra
 13273 | Lair:1   | Identified a scroll of acquirement
 13296 | Lair:1   | Reached **** piety under Makhleb
 13300 | Lair:1   | HP: 3/92 [poisoned by a spiny frog]
 13301 | Lair:1   | Succumbed to a spiny frog's poison

Levels and vault maps discovered:
D:1:      mrwooster_arrival_statue_2, layout_basic
D:2:      layout_rooms, elyvilon_altar_3, first_ration, uniq_sigmund
D:3:      layout_loops_ring, uniq_crazy_yiuf_cottage, uniq_grinder
D:4:      layout_rooms, minmay_temple_entry_junction_2
D:5:      layout_loops_ring
D:6:      layout_cave_pools, minmay_between
D:7:      layout_cave_pools, grunt_ogre_cave, kennysheep_okawaru_gauntlet,
          uniq_pikel
D:8:      layout_basic, due_lair_maze_entry_diamond, gammafunk_ghost_smash,
          uniq_harold, uniq_joseph
D:9:      layout_stronghold
D:10:     layout_roguey, kennysheep_orc_monster_closet_entryway,
          gammafunk_ghost_nasty_kobolds, uniq_maurice, uniq_erolcha
Temple:   dpeg_three_leaves_temple
Lair:1:   layout_cave_pods, minmay_shattered_shrine, grunt_megastairs_2

Skill      XL: |  1  2  3  4  5  6  7  8  9 10 11 |
---------------+----------------------------------+-----
Fighting       | 2 3 4 5 7 8 9 10 | 10.4
Evocations     | 4 5 6 |  6.4
Armour         | 3 6 7 8 |  8.7
Invocations    | 3 6 8 9 |  9.1
Axes           | 4 |  4.2
Short Blades   | |  1.0
Dodging        | |  2.0
Stealth        | |  1.0

Action                   |  1- 3 |  4- 6 |  7- 9 | 10-12 || total
-------------------------+-------+-------+-------+-------++-------
Melee: Short sword       |    82 |    72 |       |       ||   154
       Mace              |       |    64 |   483 |   248 ||   795
       Hand axe          |       |       |       |   287 ||   287
Throw: Javelin           |     8 |    23 |    49 |    20 ||   100
       Boomerang         |     2 |     3 |       |     4 ||     9
Invok: Minor Destruction |       |       |     1 |       ||     1
Evoke: Wand              |    10 |    12 |    34 |    39 ||    95
  Use: Potion            |     1 |       |     9 |     6 ||    16
       Scroll            |       |     8 |     3 |     8 ||    19
 Stab: Sleeping          |     3 |       |       |       ||     3
       Paralysed         |       |       |     5 |       ||     5
       Invisible         |       |       |       |     1 ||     1
  Eat: Chunk             |     2 |     4 |    17 |    17 ||    40
       Ration            |       |       |       |     2 ||     2
Armor: Leather armour    |    28 |    12 |       |       ||    40
       Scale mail        |       |    41 |   425 |    60 ||   526
       Ring mail         |       |       |       |   316 ||   316
       Skin              |       |       |       |     7 ||     7
Dodge: Dodged            |    75 |    92 |   341 |   348 ||   856
